Map: Deathaura LE

Players

Phase

  • Race: Protoss Protoss
  • League: Diamond
  • Spawn Location: 5:00

PhotonMan - Winner!

  • Race: Terran Terran
  • Spawn Location: 11:00

VOD

Have the link to the VOD?

Description

Tanks vs carriers?

Time

  • Played on: June 12, 2020, 12:50 a.m.
  • Length: 17:09
Show
View Real Time Build Order
Export as new Build Order

Phase Protoss 

Build Orders: Blink Stalkers, Carriers, Colossus Rush 

Get SALT Encoding   

  12  0:01  Probe  
  13  0:13  Probe  
  14  0:17  Pylon  
  14  0:24  Probe  
  15  0:32  Probe  
  15  0:40  Gateway, Probe  
  17  0:50  Assimilator  
  17  0:51  Probe  
  18  1:03  Probe  
  19  1:15  Probe  
  20  1:29  Assimilator  
  20  1:33  Cybernetics Core  
  20  1:36  Probe  
  21  1:58  Probe  
  21  2:01  Nexus  
  22  2:11  Probe  
  22  2:13  Pylon  
  23  2:22  Warp Gate  
  23  2:24  Stalker  
  23  2:31  Probe  
  26  2:43  Probe  
  27  2:51  Stalker  
  27  2:55  Probe  
  30  3:07  Probe  
  30  3:11  Twilight Council  
  30  3:12  Probe  
  31  3:13  Robotics Facility  
  31  3:15  Probe  
  33  3:20  Probe  
  33  3:21  Pylon  
  33  3:23  Probe  
  33  3:24  Stalker  
  37  3:40  Blink, Pylon  
  37  3:46  Gateway  
  37  3:47  Gateway  
  37  3:50  Gateway  
  37  4:06  Observer  
  38  4:11  Stalker  
  38  4:15  Probe x2  
  42  4:25  Forge  
  42  4:30  Probe  
  42  4:31  Gateway x2  
  43  4:38  Probe  
  44  4:39  Observer  
  44  4:42  Probe  
  44  4:44  Protoss Ground Weapons Level 1  
  46  4:46  Assimilator  
  46  4:48  Assimilator  
  46  4:50  Probe  
  47  4:54  Probe  
  47  4:57  Robotics Bay  
  48  5:02  Probe  
  48  5:06  Probe  
  51  5:14  Probe  
  51  5:26  Probe x2  
  53  5:33  Colossus  
  53  5:35  Charge  
  53  5:39  Pylon  
  53  5:42  Pylon  
  53  5:47  Gateway  
  59  5:50  Gateway  
  59  5:52  Probe x2  
  61  6:04  Probe x2  
  63  6:06  Stargate  
  63  6:15  Nexus  
  63  6:16  Probe  
  64  6:27  Pylon  
  64  6:28  Observer, Nexus  
  64  6:32  Photon Cannon  
  65  6:41  Probe x2  
  67  6:52  Fleet Beacon  
  67  6:53  Probe x2  
  69  7:05  Probe x2  
  71  7:14  Observer  
  72  7:17  Probe x2  
  72  7:20  Pylon  
  74  7:24  Pylon  
  74  7:29  Probe x2, Stargate  
  76  7:31  Stalker x3  
  76  7:33  Stargate  
  76  7:35  Observer  
  76  7:36  Probe  
  84  7:41  Probe x2  
  86  7:47  Assimilator  
  86  7:48  Probe  
  86  7:51  Assimilator  
  87  7:56  Stalker x4  
  87  7:57  Stalker  
  87  7:58  Pylon  
  97  8:02  Probe x2, Pylon  
  97  8:03  Probe x2  
  101  8:09  Carrier  
  101  8:12  Carrier  
  113  8:29  Probe x4  
  117  8:41  Probe x4, Photon Cannon  
  118  8:42  Photon Cannon  
  127  8:55  Carrier, Photon Cannon  
  127  8:59  Protoss Shields Level 1  
  125  9:07  Stargate  
  122  9:14  Photon Cannon  
  122  9:16  Photon Cannon  
  122  9:18  Stalker  
  122  9:20  Photon Cannon  
  124  9:28  Probe x3  
  127  9:37  Pylon  
  127  9:38  Tempest x2  
  137  9:48  Cybernetics Core, Protoss Air Weapons Level 1  
  137  9:58  Zealot  
  137  9:59  Zealot x6  
  151  10:00  Zealot  
  139  10:13  Assimilator  
  135  10:16  Assimilator  
  135  10:17  Carrier x2  
  108  10:25  Carrier  
  108  10:27  Nexus  
  120  10:44  Zealot x3  
  120  10:45  Zealot x2  
  111  11:01  Probe x3  
  86  11:13  Probe x2  
  86  11:25  Probe x2  
  86  11:35  Nexus  
  86  11:37  Probe x2  
  88  11:45  Nexus  
  88  11:49  Probe x2  
  90  11:59  Probe  
  91  12:01  Probe  
  92  12:09  Protoss Air Armor Level 1  
  92  12:11  Protoss Air Weapons Level 2  
  86  12:31  Probe x3  
  89  12:43  Probe x2  
  89  12:44  Probe  
  92  12:53  Carrier x2  
  86  13:09  Carrier  
  91  13:30  Zealot x2  
  91  13:31  Zealot x5  
  96  13:35  Probe x2  
  96  13:36  Probe  
  96  13:45  Probe  
  96  13:47  Probe x2  
  95  14:05  Probe x4  
  99  14:17  Probe x3  
  99  14:18  Probe  
  103  14:29  Probe x2  
  103  14:30  Probe  
  106  14:33  Photon Cannon  
  106  14:34  Probe  
  106  14:35  Pylon  
  107  14:41  Probe x2  
  107  14:42  Probe  
  107  14:44  Pylon  
  110  14:46  Probe  
  111  14:53  Probe x2  
  111  14:57  Pylon  
  110  15:12  Pylon  
  110  15:14  Pylon  
  110  15:20  Probe x2  
  110  15:21  Probe  
  113  15:25  Photon Cannon  
  113  15:26  Photon Cannon  
  113  15:29  Pylon  
  113  15:30  Zealot x2  
  113  15:31  Zealot x4  
  125  15:43  Assimilator  
  125  15:45  Assimilator  
  125  15:55  Tempest  
  130  16:01  Probe x2  
  132  16:12  Photon Cannon  
  132  16:16  Photon Cannon  
  132  16:21  Shield Battery  
  132  16:22  Shield Battery  
  132  16:25  Shield Battery  
  132  16:26  Observer, Shield Battery  
Show
View Real Time Build Order
Export as new Build Order

PhotonMan Terran - Winner!

Build Orders: 2 Factory, Mech 

Get SALT Encoding   

  12  0:01  SCV  
  13  0:13  SCV  
  14  0:17  Supply Depot  
  14  0:25  SCV  
  15  0:39  SCV  
  15  0:40  Barracks  
  16  0:51  SCV  
  16  0:52  Refinery  
  17  1:03  SCV  
  18  1:15  SCV  
  19  1:27  SCV  
  20  1:37  Command Center  
  20  1:47  Orbital Command  
  20  2:02  Marine  
  21  2:12  Factory  
  21  2:15  SCV  
  21  2:16  Supply Depot  
  22  2:29  SCV  
  23  2:39  Marine  
  23  2:43  Factory  
  24  2:44  SCV  
  24  2:49  Refinery  
  25  2:56  Factory Tech Lab, SCV  
  26  3:00  Marine  
  27  3:07  Orbital Command  
  27  3:08  SCV  
  28  3:14  Bunker  
  28  3:21  SCV  
  28  3:24  Siege Tank  
  32  3:33  Factory Tech Lab, SCV  
  33  3:34  Refinery  
  33  3:38  Supply Depot, SCV  
  34  3:41  Marine  
  34  3:45  SCV  
  36  3:50  SCV  
  36  3:54  Supply Depot  
  37  3:57  Siege Tank, SCV  
  37  4:02  SCV  
  42  4:09  SCV  
  43  4:14  SCV  
  43  4:15  Hellion  
  43  4:16  Marine  
  47  4:20  Refinery  
  47  4:21  SCV  
  48  4:26  SCV  
  48  4:30  Hellion  
  51  4:32  Factory  
  51  4:33  SCV  
  51  4:34  Marine  
  53  4:38  SCV  
  55  4:45  SCV  
  55  4:47  Factory  
  55  4:50  Supply Depot, SCV  
  55  4:52  Supply Depot  
  56  4:57  SCV  
  57  5:00  Siege Tank  
  57  5:02  SCV  
  61  5:07  Engineering Bay  
  61  5:09  SCV  
  62  5:17  SCV  
  61  5:22  SCV  
  61  5:26  Factory Reactor  
  65  5:28  Siege Tank  
  65  5:29  SCV  
  65  5:32  Factory Tech Lab  
  65  5:34  SCV  
  67  5:41  SCV  
  68  5:46  Command Center  
  68  5:49  Siege Tank  
  71  5:50  Hellion  
  73  6:00  Hellion, SCV x2  
  73  6:02  Supply Depot x2  
  77  6:12  SCV  
  78  6:23  Siege Tank  
  78  6:24  Siege Tank, Hellion x3  
  78  6:25  Supply Depot  
  90  6:32  Supply Depot  
  90  6:33  SCV  
  91  6:44  Armory  
  91  6:45  Siege Tank  
  98  6:47  Hellion x2, SCV x2  
  98  6:50  Supply Depot  
  100  6:55  Siege Tank  
  100  6:59  SCV, Missile Turret  
  104  7:05  Siege Tank  
  111  7:08  Hellion x2  
  111  7:11  Planetary Fortress  
  111  7:17  SCV x2  
  111  7:18  Missile Turret  
  113  7:24  Siege Tank  
  113  7:28  Siege Tank  
  113  7:29  Supply Depot, SCV x2  
  121  7:30  Supply Depot  
  121  7:34  Refinery  
  121  7:41  SCV  
  121  7:42  Terran Vehicle Weapons Level 1  
  121  7:43  Infernal Pre-Igniter  
  122  7:57  Siege Tank  
  125  8:00  Hellbat x4, SCV  
  125  8:01  SCV x2  
  125  8:03  Refinery  
  136  8:08  Command Center  
  136  8:13  Supply Depot  
  136  8:17  Supply Depot  
  132  8:21  Siege Tank x2  
  132  8:25  Hellbat, Hellion  
  142  8:29  Hellion  
  144  8:43  SCV x3  
  144  8:48  Hellbat, Hellion  
  151  8:50  Thor  
  151  8:53  Thor  
  151  8:54  Hellion  
  161  9:09  Hellbat x2  
  165  9:10  Factory  
  165  9:12  Factory  
  163  9:19  Thor  
  163  9:20  Supply Depot  
  163  9:21  Supply Depot  
  169  9:30  Supply Depot  
  169  9:31  Hellbat x2  
  171  9:33  Thor  
  171  9:36  Terran Vehicle Weapons Level 2, Hellbat  
  179  9:45  Supply Depot  
  179  9:55  Factory Reactor  
  179  9:56  Factory Tech Lab  
  179  10:00  Thor  
  179  10:01  Hellbat x2  
  179  10:03  Hellbat  
  187  10:16  Hellion  
  187  10:17  Thor  
  189  10:22  Hellion x2  
  189  10:24  Hellion  
  193  10:33  Hellion x2  
  197  10:38  Hellion  
  184  10:43  Hellion  
  184  10:44  Hellion x2  
  184  10:45  Hellion  
  182  10:54  Hellion x2  
  170  10:59  Thor  
  170  11:00  Thor  
  170  11:03  Hellion x17  
  160  11:04  Thor  
  160  11:05  Hellbat x2  
  160  11:07  Hellbat  
  149  11:28  Thor  
  149  11:41  Thor  
  149  11:44  Refinery  
  155  11:47  Refinery  
  155  11:52  Terran Vehicle And Ship Armor Level 1  
  155  11:53  Thor x2  
  169  11:54  Hellion x3  
  169  11:55  Hellion  
  173  12:11  Hellion  
  173  12:15  Hellion x5  
  168  12:16  Hellion x2  
  118  12:32  Thor x2  
  118  12:36  Thor  
  128  12:41  Thor x4  
  127  12:47  Missile Turret  
  127  12:48  Missile Turret  
  127  12:51  Missile Turret  
  126  12:55  Command Center  
  126  13:04  Thor  
  127  13:15  Thor  
  127  13:27  Thor  
  127  13:28  Hellion x3  
  127  13:31  Hellion x5  
  135  13:43  Hellion x2  
  135  13:48  Hellion  
  133  13:59  Thor, Refinery  
  133  14:00  Refinery  
  139  14:23  Missile Turret  
  139  14:25  Planetary Fortress  
  139  14:30  Thor  
  145  14:32  Hellion x2  
  149  14:43  Thor  
  149  14:44  Hellbat, Missile Turret  
  157  14:48  Command Center  
  157  14:53  Thor  
  163  15:09  Thor  
  165  15:20  Thor  
  165  15:21  Hellbat x4  
  177  15:35  Refinery  
  177  15:38  Thor  
  177  15:40  Hellion  
  177  15:42  Hellion x2  
  187  15:43  Hellion x2  
  189  15:52  Hellion  
  189  16:01  Hellion  
  189  16:03  Hellion  
  189  16:05  SCV x4  
  189  16:08  Planetary Fortress  
  193  16:13  Thor  
  199  16:33  SCV  
  199  16:35  Refinery  
  200  16:47  Hellbat x2  
Tags
 
Add a new tag
Caveats
  • Supply blocks, unpowered buildings, or Contaminate may cause inaccurate times.
  • Supply counts are checked every 10 seconds.